 Dungeon Crawl Stone Soup version 0.18-a0-1713-g50a528e (webtiles) character file.

21326 Murumi the Blocker (level 13, -1/106 HPs)
             Began as a Formicid Fighter on Apr 7, 2016.
             Was a Believer of Elyvilon.
             Slain by Rupert
             ... wielding a +2 great mace of crushing
              (20 damage)
             ... on level 12 of the Dungeon.
             The game lasted 02:27:40 (13175 turns).

Murumi the Blocker (Formicid Fighter)              Turns: 13175, Time: 02:27:41

Health: -1/106     AC: 20    Str: 25    XL:     13   Next: 19%
Magic:  14/22      EV: 12    Int:  9    God:    Elyvilon [**....]
Gold:   725        SH: 14    Dex: 18    Spells: 0 memorised, 12 levels left

rFire  . . .     SeeInvis +     I - +0 great sword
rCold  + . .     Gourm    .     K - +1 plate armour {rC+}
rNeg   + . .     Faith    .     c - +0 shield
rPois  .         Spirit   .     (helmet unavailable)
rElec  .         Dismiss  .     (no cloak)
rCorr  .         Reflect  .     F - +2 pair of gloves {Dex+3}
SustAt .         Harm     .     r - +0 pair of boots
MR     +....                    (no amulet)
Stlth  ..........               i - ring of positive energy
                                h - ring of flight

@: agile, protection, somewhat resistant to hostile enchantments, extremely
unstealthy
A: permanent stasis, dig shafts and tunnels, four strong arms, antennae 3
a: Dig, Shaft Self, Lesser Healing, Heal Other, Divine Protection, Renounce
Religion, Evoke Flight


You were on level 12 of the Dungeon.
You worshipped Elyvilon.
Elyvilon was pleased with you.
You were not hungry.

You visited 2 branches of the dungeon, and saw 13 of its levels.
You also visited: Ossuary.

You collected 725 gold pieces.

Inventory:

Hand Weapons
 I - a +0 great sword (weapon)
Missiles
 e - 115 bolts
 J - 15 silver bolts
Armour
 c - a +0 shield (worn)
 r - a +0 pair of boots (worn)
 F - a +2 pair of gloves of dexterity (worn)
 K - a +1 plate armour of cold resistance (worn)
Jewellery
 h - a ring of flight (left hand)
 i - a ring of positive energy (right hand)
Wands
 b - a wand of lightning (8/15)
 m - a wand of flame (16/48)
 C - a wand of disintegration (5/24)
 H - a wand of flame (18/48)
Scrolls
 g - 5 scrolls of enchant weapon
 x - 5 scrolls of magic mapping
 y - a scroll of recharging
 z - 2 scrolls of remove curse
 A - 2 scrolls of fog
Potions
 d - 3 potions of magic
 k - a potion of lignification {unknown}
 n - 4 potions of cancellation
 o - 6 potions of brilliance
 q - a potion of curing
 s - 2 potions of heal wounds
 t - 3 potions of flight
 v - a potion of mutation {unknown}
Comestibles
 a - 7 slices of pizza
 f - 17 bread rations
 j - 7 meat rations
 l - a royal jelly
 p - 9 fruits
 w - 5 beef jerkies


   Skills:
 - Level 11.1 Fighting
 - Level 9.0 Long Blades
 + Level 10.2 Armour
 - Level 12.0 Shields
 - Level 12.0 Invocations


You had 12 spell levels left.
You didn't know any spells.

Dungeon Overview and Level Annotations

Branches:
Dungeon (12/15)            Temple (1/1) D:5            Lair (0/8) D:10
    Orc: D:9-12

Altars:
Ashenzari
Cheibriados
Dithmenos
Elyvilon
Fedhas
Gozag
Kikubaaqudgha
Makhleb
Nemelex Xobeh
Okawaru
Pakellas
Qazlal
Ru
Sif Muna
Trog
Vehumet
Xom
Yredelemnul
Zin
The Shining One

Shops:
D:6 :

Annotations:
D:12 Rupert


Innate Abilities, Weirdness & Mutations

You are under a permanent stasis effect.
You can dig through walls and to a lower floor.
Your four strong arms can wield two-handed weapons with a shield.
You have a pair of large antennae on your head (SInv).


Message History

Rupert hits you but does no damage.
You hit Rupert but do no damage.
Rupert is moderately wounded.
Rupert hits you with a great mace of crushing!!
Drink which item? (? for menu, Esc to quit)
Okay, then.
You slash Rupert!
Rupert is heavily wounded.
You block Rupert's attack.
Rupert hits you with a great mace of crushing!
* * * LOW HITPOINT WARNING * * *
x2 You beseech Elyvilon to protect your life.
Rupert hits you with a great mace of crushing!
* * * LOW HITPOINT WARNING * * *
x2 Eat which item? (? for menu, Esc to quit)
You block Rupert's attack.
Mmm...
Vegetable.
You are healed.
You feel somewhat more hungry.
Rupert hits you with a great mace of crushing!!
You die...

..# #........#
..# #?.......#
.. ..#
###........# ...
..# #.'........#
##..
..#...#........#
#...
..#.###........#
#..# ..#
#......<.# ..#
..+
#........##@#
..#
#........'@.#
..#
#........####
#........#
##########


You could see Rupert (berserk).

Vanquished Creatures
  Maud (D:11)
  Harold (D:12)
  Urug (D:12)
  Nergalle (D:12)
  Sonja (D:11)
  4 unseen horrors
  A hill giant (D:11)
  An ugly thing (D:11)
  2 deep elf magi
  A manticore (D:12)
  An oklob plant (D:10)
  2 centaur zombies
  A gargoyle (D:11)
  A tengu conjurer (D:8)
  A two-headed ogre (D:10)
  4 trolls
  2 polar bears (D:8)
  A shadow (D:10)
  A wraith (D:10)
  9 yaks
  A human (D:7)
  The ghost of Arkorax the Vexing, an amateur SpEn (D:4)
  A vampire (D:10)
  3 hippogriffs
  A mottled dragon (D:11)
  A soldier ant (D:11)
  A water moccasin (D:10)
  5 ice beasts
  A black bear (D:9)
  An eye of draining (D:12)
  9 orc warriors
  2 phantoms
  4 sky beasts
  A wasp (D:9)
  7 ogres
  2 centaurs
  A necrophage (D:8)
  3 big kobolds
  An elf zombie (D:8)
  10 giant frogs
  3 water moccasin zombies
  A wyvern skeleton (D:9)
  5 scorpions
  15 killer bees
  6 wights
  3 howler monkeys
  4 human zombies (D:8)
  5 crimson imps
  2 quasits (D:10)
  4 hounds
  A centaur skeleton (D:8)
  6 orc priests
  4 iguanas
  2 giant frog skeletons
  15 orc wizards
  11 worker ants
  4 sheep (D:7)
  A giant frog simulacrum (D:8)
  A centaur simulacrum (D:8)
  A hound skeleton (D:3)
  5 mummies
  A howler monkey zombie (D:7)
  3 gnolls (D:5)
  A howler monkey skeleton (D:7)
  8 adders
  4 white imps (D:8)
  2 oozes
  2 adder zombies (Ossuary)
  An adder skeleton (D:4)
  4 worms
  2 dart slugs (D:2)
  5 giant geckos
  33 orcs
  2 ball pythons
  6 bats
  6 giant cockroaches
  9 goblins
  5 hobgoblins
  12 jackals
  21 kobolds
  4 quokkas
  2 giant gecko skeletons
  5 giant newts
  A gnoll zombie (Ossuary)
  2 hobgoblin zombies (Ossuary)
  9 kobold zombies (Ossuary)
  An orc skeleton (D:8)
  4 orc zombies
  A quokka zombie (D:7)
  3 rats
351 creatures vanquished.

Vanquished Creatures (others)
  A giant frog zombie (D:12)
1 creature vanquished.

Grand Total: 352 creatures vanquished

Notes
Turn   | Place    | Note
--------------------------------------------------------------
     0 | D:1      | Murumi the Formicid Fighter began the quest for the Orb.
     0 | D:1      | Reached XP level 1. HP: 18/18 MP: 1/1
    96 | D:1      | Reached XP level 2. HP: 17/24 MP: 2/2
   339 | D:1      | Reached XP level 3. HP: 29/29 MP: 3/3
   940 | D:2      | Reached XP level 4. HP: 32/37 MP: 4/4
  1242 | D:2      | Found a blossoming altar of Fedhas.
  1418 | D:3      | Reached XP level 5. HP: 42/42 MP: 5/5
  1473 | D:3      | Reached skill level 5 in Shields
  1688 | D:3      | Found a deep blue altar of Sif Muna.
  1752 | D:3      | Reached XP level 6. HP: 47/48 MP: 6/6
  2099 | D:4      | Found a bloodstained altar of Trog.
  2099 | D:4      | Found a snail-covered altar of Cheibriados.
  2099 | D:4      | Found an iron altar of Okawaru.
  2107 | D:4      | Noticed an ogre
  2115 | D:4      | Killed an ogre
  2115 | D:4      | Reached skill level 5 in Fighting
  2153 | D:4      | Reached XP level 7. HP: 54/58 MP: 7/7
  2228 | D:4      | Found a sparkling altar of Nemelex Xobeh.
  2386 | D:4      | Noticed Arkorax's ghost (amateur SpEn)
  2409 | D:4      | Killed Arkorax's ghost
  2409 | D:4      | Reached skill level 5 in Armour
  2495 | D:4      | Found a sand-covered staircase.
  2502 | Ossuary  | Entered an ossuary
  2632 | Ossuary  | Reached XP level 8. HP: 58/64 MP: 8/8
  3208 | D:4      | Found a sacrificial altar of Ru.
  3346 | D:5      | Entered Level 5 of the Dungeon
  3776 | D:5      | Found a staircase to the Ecumenical Temple.
  3797 | Temple   | Entered the Ecumenical Temple
  3816 | Temple   | Became a worshipper of Elyvilon the Healer
  3948 | D:5      | Reached skill level 5 in Long Blades
  4108 | D:5      | Found a sparkling altar of Nemelex Xobeh.
  4324 | D:6      | Found Tilocisk's Book Boutique.
  4433 | D:6      | Reached * piety under Elyvilon
  4441 | D:6      | Reached skill level 1 in Invocations
  4457 | D:6      | Reached XP level 9. HP: 65/69 MP: 10/10
  4743 | D:6      | Reached skill level 5 in Invocations
  4956 | D:6      | Identified a scroll of acquirement
  5004 | D:6      | Found a stormy altar of Qazlal.
  5781 | D:7      | Noticed a deep elf mage
  5790 | D:7      | Killed a deep elf mage
  5790 | D:7      | Reached XP level 10. HP: 61/79 MP: 16/16
  6978 | D:8      | HP: 2/80 [polar bear (23)]
  7077 | D:8      | Reached XP level 11. HP: 36/87 MP: 14/17
  7708 | D:8      | Found a basalt altar of Yredelemnul.
  8218 | D:9      | Reached ** piety under Elyvilon
  8647 | D:10     | Entered Level 10 of the Dungeon
  8832 | D:10     | Reached skill level 10 in Shields
  9068 | D:10     | Noticed an unseen horror
  9154 | D:10     | Killed an unseen horror
  9154 | D:10     | Reached skill level 10 in Invocations
  9913 | D:10     | Found a staircase to the Lair.
  9922 | D:10     | Noticed an oklob plant
 10535 | D:10     | Killed an oklob plant
 10772 | D:11     | Noticed Maud
 10772 | D:11     | Noticed an unseen horror
 10772 | D:11     | Noticed a cyclops
 10784 | D:10     | Killed an unseen horror
 10875 | D:11     | Noticed a seven-headed hydra
 10877 | D:11     | Pacified a seven-headed hydra
 10877 | D:11     | Reached XP level 12. HP: 95/95 MP: 16/19
 11012 | D:11     | Noticed Sonja
 11066 | D:11     | Killed Sonja
 11119 | D:11     | Reached skill level 10 in Fighting
 11348 | D:11     | Noticed an unseen horror
 11379 | D:11     | Killed an unseen horror
 11414 | D:11     | Reached skill level 10 in Armour
 11770 | D:11     | Killed Maud
 12109 | D:12     | Noticed Nergalle
 12185 | D:12     | Noticed Urug
 12346 | D:12     | Noticed a four-headed hydra
 12348 | D:12     | Pacified a four-headed hydra
 12383 | D:12     | Noticed Harold
 12424 | D:12     | Killed Harold
 12624 | D:12     | Killed Nergalle
 12624 | D:12     | Reached XP level 13. HP: 98/103 MP: 20/22
 12879 | D:12     | Killed Urug
 13156 | D:12     | Noticed Rupert
 13175 | D:12     | Slain by Rupert

Vault maps used:
D:1:      dpeg_arrival_connections
D:2:      lemuel_coloured_pillars_altar
D:3:      lemuel_blue_sif_altar, kennysheep_generic_room_8
D:4:      nicolae_ru_the_path_less_chosen, grunt_temple_overflow_open,
          chequers_ossuary_entry_cave, nemelex_diamond_rough_becter
D:5:      nemelex_deck, temple_fountains, first_bread
D:6:      basic_altar, serial_shops, nicolae_shop_crystal, roderic_roman_lattice
D:7:      grunt_livestock
D:8:      lemuel_mausoleum_altar_yredelemnul, serial_ice, serial_ice_g,
          serial_ice_i, serial_ice_b, serial_ice_n
D:10:     dpeg_oklobed_lair, kennysheep_generic_room_16
D:11:     uniq_sonja, uniq_maud
D:12:     david_orc_4, uniq_nergalle, uniq_rupert, uniq_urug, uniq_harold
Temple:   circular_temple_12
Ossuary:  ossuary_tomb_2

Skill      XL: |  1  2  3  4  5  6  7  8  9 10 11 12 13 |
---------------+----------------------------------------+-----
Shields        | 4 5 7 8 9 10 12 | 12.0
Long Blades    | 3 4 6 7 9 |  9.0
Fighting       | 4 6 7 8 9 10 11 | 11.1
Armour         | 4 6 8 9 10 | 10.2
Invocations    | 2 8 9 10 12 | 12.0

Action                   |  1- 3 |  4- 6 |  7- 9 | 10-12 | 13-15 || total
-------------------------+-------+-------+-------+-------+-------++-------
Melee: Long sword        |   101 |   129 |   414 |       |       ||   644
       Scimitar          |       |       |    44 |   657 |       ||   701
       Great sword       |       |       |       |   399 |    83 ||   482
Invok: Lesser Healing    |       |       |     9 |    14 |     4 ||    27
       Heal Other        |       |       |       |     4 |     5 ||     9
       Divine Protection |       |       |       |       |     1 ||     1
 Abil: Dig               |       |     1 |     6 |    18 |     1 ||    26
Evoke: Wand              |       |       |       |    28 |     1 ||    29
  Use: Scroll            |     5 |     2 |    14 |     6 |     1 ||    28
       Potion            |       |     2 |     2 |     6 |     2 ||    12
  Eat: Chunk             |       |     5 |    12 |    28 |     2 ||    47
       Pizza             |       |       |     1 |     1 |     1 ||     3
       Fruit             |       |       |       |       |     1 ||     1
